 Seeded DCSS version 0.28.0-62-gf88900778d (webtiles) character file.

Game seed: 4998969375169594576 (custom seed)

3180 cbfl8 the Covert (level 10, -10/56 HPs)
             Began as a Kobold Brigand on May 2, 2023.
             Mangled by a seven-headed hydra (12 damage)
             ... on level 8 of the Dungeon.
             The game lasted 00:12:11 (9302 turns).

cbfl8 the Covert (Kobold Brigand)                   Turns: 9302, Time: 00:12:12

Health: -10/56     AC: 15    Str: 14    XL:     10   Next: 16%
Magic:  13/13      EV: 10    Int: 13    God:
Gold:   406        SH:  0    Dex: 17    Spells: 9/9 levels left

rFire   + . .      SeeInvis .   v - +2 dagger (elec)
rCold   . . .      Faith    .   (no shield)
rNeg    . . .      Spirit   .   E - +0 shadow dragon scales
rPois   +          Reflect  .   (helmet restricted)
rElec   .          Harm     .   c - +0 cloak
rCorr   .          Rampage  .   n - +2 pair of gloves
Will    .....                   (no boots)
Stlth   +++++++...              (no amulet)
HPRegen 0.18/turn               (no ring)
MPRegen 0.13/turn               (no ring)

@: no status effects
A: small, no large weapons, nightstalker 3, antennae 1, claws 1, fire resistance
1, poison resistance, strong 1
a: no special abilities


You were on level 8 of the Dungeon.
You visited 1 branch of the dungeon, and saw 8 of its levels.

You collected 406 gold pieces.

Inventory:

Hand Weapons
 v - a +2 dagger of electrocution (weapon)
Missiles
 d - 10 poisoned darts
 y - 2 curare-tipped darts
Armour
 c - a +0 cloak (worn)
 n - a +2 pair of gloves (worn)
 E - +0 shadow dragon scales (worn)
Jewellery
 m - the ring "Zaogg" {rC- Will+ Str+6}
   (You took it off a hobgoblin on level 4 of the Dungeon)

   [ring of willpower]

   Str:       It affects your strength (+6).
   rC:        It makes you vulnerable to cold.
   Will:      It increases your willpower.
Wands
 a - a wand of digging (8)
 e - a wand of polymorph (9)
 F - a wand of mindburst (4) (quivered)
Scrolls
 f - 4 scrolls of enchant weapon {unknown}
 g - 3 scrolls of fear {unknown}
 h - 2 scrolls of brand weapon {unknown}
 j - 2 scrolls of teleportation
 o - a scroll of vulnerability {unknown}
 p - a scroll of summoning
 r - a scroll of noise {unknown}
 x - 2 scrolls of immolation {unknown}
 z - a scroll of enchant armour
 D - 2 scrolls of blinking {unknown}
Potions
 b - a potion of attraction {unknown}
 k - a potion of lignification {unknown}
 l - 2 potions of flight {unknown}
 q - a potion of degeneration {unknown}
 s - 2 potions of mutation
 t - 2 potions of invisibility {unknown}
 u - a potion of curing
 A - a potion of resistance {unknown}
 B - 2 potions of brilliance {unknown}
 C - a potion of berserk rage {unknown}


   Skills:
 + Level 3.8 Fighting
 * Level 8.0 Short Blades
 * Level 5.1 Throwing
 + Level 3.4 Armour
 * Level 5.4 Dodging
 * Level 11.2 Stealth
 - Level 0.2 Unarmed Combat
 * Level 4.4 Invocations
 * Level 4.6 Evocations


You had 9 spell levels left.
You didn't know any spells.
Your spell library contained the following spells:

 Spells                   Type           Power      Damage    Failure   Level
 Shock                    Conj/Air       0%         1d3       100%        1
 Sublimation of Blood     Necr           0%         N/A       100%        2
 Conjure Flame            Conj/Fire      0%         6-21      100%        3
 Gell's Gravitas          Tloc           0%         N/A       100%        3
 Ignite Poison            Fire/Tmut/Pois 0%         N/A       100%        3
 Lesser Beckoning         Tloc           0%         N/A       100%        3
 Swiftness                Air            0%         N/A       100%        3
 Teleport Other           Tloc           0%         N/A       100%        3
 Airstrike                Air            0%         N/A       100%        4
 Petrify                  Tmut/Erth      0%         N/A       100%        4
 Sticky Flame             Conj/Fire      0%         2d3       100%        4
 Irradiate                Conj/Tmut      0%         3d14      100%        5
 Borgnjor's Revivificati  Necr           0%         N/A       100%        8
 Necromutation            Tmut/Necr      0%         N/A       100%        8
 Death's Door             Necr           0%         N/A       100%        9


Dungeon Overview and Level Annotations

Branches:
Dungeon (8/15)             Temple (0/1) D:4
   Lair: D:8-11

Altars:
Cheibriados
Elyvilon
Kikubaaqudgha
Uskayaw
Vehumet

Shops:
D:4 *


Innate Abilities, Weirdness & Mutations

You are small and have problems with some larger weapons.
You are completely attuned to the shadows.
You have a pair of small antennae on your head.
You have sharp fingernails.
Your flesh is heat resistant. (rF+)
Your system is resistant to poisons. (rPois)
Your muscles are strong. (Str +2)


Message History

The seven-headed hydra bites you but does no damage. x5
The seven-headed hydra bites you. x2
Okay, then.
Aiming: Mindburst
Press: ? - help, Q - select action, (/) - cycle Shift-Dir - straight line, f - seven-headed hydra
Aim: a seven-headed hydra (lightly wounded, chance to affect: 50%)
The seven-headed hydra resists with some effort.
You hear a shout!
The seven-headed hydra bites you but does no damage.
The seven-headed hydra closely misses you.
The seven-headed hydra bites you.
The seven-headed hydra bites you but does no damage. x3
The seven-headed hydra barely misses you.
Aiming: Mindburst
Press: ? - help, Q - select action, (/) - cycle Shift-Dir - straight line, f/p - seven-headed hydra
Aim: a seven-headed hydra (lightly wounded, chance to affect: 50%)
The seven-headed hydra's minds are blasted!
The seven-headed hydra bites you.
The seven-headed hydra bites you but does no damage. x4
The seven-headed hydra bites you.
The seven-headed hydra bites you but does no damage.
Aiming: Mindburst
Press: ? - help, Q - select action, (/) - cycle Shift-Dir - straight line, f/p - seven-headed hydra
Aim: a seven-headed hydra (moderately wounded, chance to affect: 50%)
The seven-headed hydra's minds are blasted!!
The seven-headed hydra bites you! x3
* * * LOW HITPOINT WARNING * * *
The seven-headed hydra bites you.
* * * LOW HITPOINT WARNING * * *
The seven-headed hydra bites you!
* * * LOW HITPOINT WARNING * * *
The seven-headed hydra bites you but does no damage.
The seven-headed hydra barely misses you.
You feel better.
An orc comes into view. It is wielding a +0 hand axe.
An orc comes into view. It is wielding a +0 dagger.
The seven-headed hydra bites you!
* * * LOW HITPOINT WARNING * * *
The seven-headed hydra bites you!
You die...

#....##[.>....
#.<..##...##..
#....##...## .
#....##....#
#######..>.#
#....# #...(#
#....# +..@.#
#$.D.# #....#
#....# #.oo.#


You could see a seven-headed hydra and 2 orcs.

Vanquished Creatures
  Pikel (D:4)
  A steam dragon (D:7)
  3 vampire mosquitoes (D:7)
  Menkaure (D:6)
  Edmund (D:6)
  A water moccasin (D:7)
  An ice beast (D:7)
  A black bear (D:7)
  4 ogres
  3 centaurs
  A lemure (D:3)
  A phantom (D:6)
  3 bullfrogs
  A scorpion (D:5)
  A bullfrog zombie (D:6)
  A jelly (D:6)
  2 hounds
  A centaur skeleton (D:7)
  5 orc priests
  Terence (D:2)
  6 iguanas
  3 orc wizards
  A statue (D:7)
  A killer bee zombie (D:6)
  A hound skeleton (D:5)
  A howler monkey skeleton (D:7)
  3 adders
  2 worms
  5 dart slugs
  21 orcs
  8 ball pythons
  5 endoplasms
  3 giant cockroaches
  10 goblins
  11 hobgoblins
  7 jackals
  5 quokkas
  8 bats
  6 frilled lizards
  7 kobolds
  3 rats
151 creatures vanquished.

Notes
Turn   | Place    | Note
-------+----------+-------------------------------------------
     0 | D:1      | cbfl8 the Kobold Brigand began the quest for the Orb.
     0 | D:1      | Reached XP level 1. HP: 12/12 MP: 1/1
   121 | D:1      | Reached XP level 2. HP: 6/17 MP: 2/2
   472 | D:1      | Reached skill level 6 in Stealth
   690 | D:1      | Reached XP level 3. HP: 20/21 MP: 3/3
   945 | D:1      | Found a faded altar of an unknown god.
  1319 | D:2      | Noticed Terence
  1370 | D:2      | Killed Terence
  1371 | D:2      | Reached XP level 4. HP: 26/26 MP: 4/4
  2079 | D:3      | Reached skill level 7 in Stealth
  2097 | D:3      | Reached XP level 5. HP: 30/30 MP: 5/5
  2463 | D:3      | Reached skill level 1 in Evocations
  2766 | D:3      | Reached skill level 1 in Invocations
  2820 | D:3      | Reached XP level 6. HP: 8/35 MP: 6/6
  3730 | D:4      | Found a white marble altar of Elyvilon.
  4342 | D:4      | Found Zieves's Overcharged Wands.
  4415 | D:4      | Identified the ring "Zaogg" {rC- Will+ Str+6}
  4549 | D:4      | Found a staircase to the Ecumenical Temple.
  4681 | D:4      | Noticed Pikel
  4687 | D:4      | Gained mutation: You are clumsy. (Dex -2) [potion of
                  | mutation]
  4687 | D:4      | Gained mutation: You tend to lose your temper in combat.
                  | [potion of mutation]
  4687 | D:4      | Gained mutation: You have sharp fingernails. [potion of
                  | mutation]
  4687 | D:4      | Gained mutation: You have a somewhat thin skeletal
                  | structure. (Dex +2, Stealth+) [potion of mutation]
  4697 | D:4      | Killed Pikel
  4698 | D:4      | Reached skill level 5 in Short Blades
  4698 | D:4      | Reached skill level 1 in Armour
  4698 | D:4      | Reached skill level 8 in Stealth
  4698 | D:4      | Reached XP level 7. HP: 33/40 MP: 8/8
  5140 | D:4      | Identified the +2 ring mail of the Wasteland {rPois}
  5161 | D:4      | Identified the +2 ring mail of Youthful Indiscretion {Fly
                  | rElec}
  5172 | D:5      | Entered Level 5 of the Dungeon
  5203 | D:5      | Found an ancient bone altar of Kikubaaqudgha.
  5451 | D:5      | Reached XP level 8. HP: 24/45 MP: 9/9
  6301 | D:6      | Found a snail-covered altar of Cheibriados.
  6627 | D:6      | Noticed Menkaure
  6630 | D:6      | Killed Menkaure
  6637 | D:6      | Reached skill level 9 in Stealth
  6637 | D:6      | Reached XP level 9. HP: 51/51 MP: 11/11
  6676 | D:6      | Found a hide-covered altar of Uskayaw.
  7208 | D:6      | Noticed Edmund
  7212 | D:6      | Killed Edmund
  7239 | D:6      | Lost mutation: You are clumsy. (Dex -2) [potion of
                  | mutation]
  7239 | D:6      | Lost mutation: You have a somewhat thin skeletal structure.
                  | (Dex +2, Stealth+) [potion of mutation]
  7239 | D:6      | Lost mutation: You tend to lose your temper in combat.
                  | [potion of mutation]
  7239 | D:6      | Gained mutation: Your system is resistant to poisons.
                  | (rPois) [potion of mutation]
  7239 | D:6      | Gained mutation: Your muscles are strong. (Str +2) [potion
                  | of mutation]
  7239 | D:6      | Gained mutation: You have a pair of small antennae on your
                  | head. [potion of mutation]
  7239 | D:6      | Gained mutation: Your flesh is heat resistant. (rF+)
                  | [potion of mutation]
  7474 | D:7      | Reached skill level 10 in Stealth
  8059 | D:7      | Found a radiant altar of Vehumet.
  8622 | D:7      | Reached skill level 5 in Dodging
  8627 | D:7      | Reached skill level 5 in Throwing
  8636 | D:7      | Reached XP level 10. HP: 55/56 MP: 13/13
  8704 | D:7      | Reached skill level 11 in Stealth
  9296 | D:8      | Noticed a seven-headed hydra
  9302 | D:8      | HP: 2/56 [seven-headed hydra (9)]
  9302 | D:8      | Mangled by a seven-headed hydra

Illustrated notes

Levels and vault maps discovered:
D:1:      minmay_arrival_five_plusses, layout_basic,
          shapermc_ecumenical_altar_venn, hangedman_feature_mirror,
          nicolae_concentric_dashed_squares_mild, st_stairs_11,
          chequers_serial_rivers_room_b, chequers_serial_rivers_small_b
D:2:      layout_basic, minmay_hexomino_f4, uniq_terence
D:3:      layout_loops_ring
D:4:      layout_loops_ring, lemuel_round_altar, minmay_temple_entry_waves,
          nicolae_shop_overcharged_wands, uniq_pikel
D:5:      layout_basic, amcnicky_altar_gilded, minmay_misc_feat_more_columns,
          minmay_crystal_room
D:6:      layout_layer_cave, kennysheep_slug_shrine, mainiacjoe_overflow_paths,
          hex_medium, uniq_edmund, uniq_menkaure
D:7:      layout_cave_pools, vehumet_statue, kennysheep_decorative_pillar
D:8:      layout_gridville, grunt_gozag_breadcrumbs, uniq_maggie, uniq_maurice

Skill      XL: |  1  2  3  4  5  6  7  8  9 10 |
---------------+-------------------------------+-----
Stealth        | 6 7 8 9 10 11 | 11.2
Short Blades   | 3 4 5 6 7 8 |  8.0
Dodging        | 2 3 4 5 |  5.4
Evocations     | 1 2 3 4 |  4.6
Invocations    | 1 2 3 4 |  4.4
Throwing       | 3 4 5 |  5.1
Armour         | 1 2 3 |  3.4
Fighting       | 3 |  3.8
Unarmed Combat | |  0.2

Action                   |  1- 3 |  4- 6 |  7- 9 | 10-12 || total
-------------------------+-------+-------+-------+-------++-------
Melee: Dagger            |    81 |   294 |   145 |    28 ||   548
       Punch             |     1 |     3 |     3 |     2 ||     9
       Unarmed           |       |     1 |       |       ||     1
Throw: Dart              |       |    13 |     2 |       ||    15
Evoke: Wand              |       |       |     7 |     3 ||    10
  Use: Potion            |       |     1 |     2 |     1 ||     4
       Scroll            |       |       |     5 |       ||     5
 Stab: Sleeping          |    16 |    19 |    18 |     2 ||    55
       Distracted        |     1 |       |     1 |       ||     2
Armor: Robe              |     8 |       |       |       ||     8
       Scale mail        |       |   113 |       |       ||   113
       Chain mail        |       |    42 |    10 |       ||    52
       Shadow dragon sca |       |       |    65 |    20 ||    85
Dodge: Dodged            |    47 |   141 |    61 |    10 ||   259
